 Dungeon Crawl Stone Soup version 0.20.1-1-g8b1a95d (console) character file.

5455 bli the Spear-Bearer (level 11, -2/87 HPs)
             Began as a Formicid Abyssal Knight on Aug 6, 2017.
             Was a High Priest of Lugonu.
             Slain by a death yak (26 damage)
             ... on level 9 of the Dungeon.
             The game lasted 01:24:23 (14277 turns).

bli the Spear-Bearer (Formicid Abyssal Knight)     Turns: 14277, Time: 01:24:23

Health: -2/87      AC: 11    Str: 17    XL:     11   Next: 0%
Magic:  14/14      EV: 15    Int: 17    God:    Lugonu [*****.]
Gold:   387        SH:  5    Dex: 15    Spells: 10/10 levels left

rFire    + . .     SeeInvis +   R - +5 trident (venom)
rCold    x . .     Gourm    .   p - +0 buckler of Philately {rF+}
rNeg     + . .     Faith    .   m - +1 robe of the Jabberwock {rC- rN+ Int+4}
rPois    .         Spirit   .   (helmet unavailable)
rElec    .         Reflect  .   L - +0 cloak
rCorr    .         Harm     +   H - +1 pair of gloves {Dex+3}
MR       +....                  (no boots)
Stlth    +++.......             P - amulet of harm
Regen    0.3/turn               i - +4 ring of protection
MPRegen  0.2/turn               (no ring)

@: no status effects
A: permanent stasis, dig shafts and tunnels, four strong arms, antennae 3
a: Dig, Shaft Self, Depart the Abyss, Bend Space, Banish, Corrupt, Enter the
Abyss, Renounce Religion


You were on level 9 of the Dungeon.
You worshipped Lugonu.
Lugonu was extremely pleased with you.
You were not hungry.

You visited 1 branch of the dungeon, and saw 10 of its levels.
You visited the Abyss 1 time.
You also visited: Ossuary.

You collected 552 gold pieces.
You spent 165 gold pieces at shops.

Inventory:

Hand Weapons
 a - a +1 spear
 w - a +1 dagger of electrocution
 R - a +5 trident of venom (weapon)
Missiles
 j - 477 stones (quivered)
 U - 4 javelins
Armour
 b - a +0 leather armour
 l - a +0 ring mail
 m - the +1 robe of the Jabberwock (worn) {rC- rN+ Int+4}
   (You took it off a kobold on level 8 of the Dungeon)

   It affects your intelligence (+4).
   It makes you vulnerable to cold.
   It protects you from negative energy.
 p - the +0 buckler of Philately (worn) {rF+}
   (You found it on level 8 of the Dungeon)

   It protects you from fire.
 H - a +1 pair of gloves of dexterity (worn)
 L - a +0 cloak (worn)
Magical Staves
 W - an uncursed staff of conjuration
Jewellery
 i - a +4 ring of protection (left hand)
 P - an amulet of harm (around neck)
Wands
 g - a wand of paralysis (12/24)
 v - a wand of digging (8/24)
 G - a wand of random effects (35/48)
 Y - a wand of disintegration (11/24)
Scrolls
 d - 4 scrolls of fear {unknown}
 e - 6 scrolls of teleportation {unknown}
 k - 3 scrolls of blinking {unknown}
 n - 2 scrolls of fog {unknown}
 o - 9 scrolls of identify {unknown}
 r - 3 scrolls of recharging {unknown}
 s - 3 scrolls of enchant armour {unknown}
 u - a scroll of noise {unknown}
 y - 2 scrolls of enchant weapon {unknown}
 B - 3 scrolls of remove curse {unknown}
 E - 3 scrolls of magic mapping {unknown}
 K - a scroll of immolation {unknown}
 O - 2 scrolls of random uselessness {unknown}
 X - a scroll of acquirement {unknown}
 Z - a scroll of summoning {unknown}
Potions
 h - 5 potions of brilliance
 q - 2 potions of might
 t - 5 potions of curing {unknown}
 z - 2 potions of ambrosia
 D - a potion of degeneration {unknown}
 J - a potion of cancellation {unknown}
 M - a potion of berserk rage {unknown}
 N - 2 potions of magic {unknown}
 S - a potion of agility {unknown}
 V - 2 potions of flight {unknown}
Books
 x - Spellcraft in Simple Steps
   (You found it in an ossuary)

   Spells                             Type                      Level
   a - Swiftness                      Charms/Air                   2
   b - Throw Frost                    Conjuration/Ice              2
   c - Slow                           Hexes                        2
   d - Ensorcelled Hibernation        Hexes/Ice                    2
   e - Sublimation of Blood           Necromancy                   2
 A - a book of Frost

   Spells                             Type                      Level
   a - Freeze                         Ice                          1
   b - Throw Frost                    Conjuration/Ice              2
   c - Ozocubu's Armour               Charms/Ice                   3
   d - Throw Icicle                   Conjuration/Ice              4
   e - Summon Ice Beast               Ice/Summoning                4
Miscellaneous
 f - a phial of floods (inert)
Comestibles
 c - 10 bread rations
 C - 3 chunks of flesh
 F - 2 meat rations
 Q - 2 fruits
 T - a royal jelly


   Skills:
 * Level 8.8 Fighting
 + Level 9.5 Polearms
 + Level 6.8 Armour
 + Level 5.1 Dodging
 + Level 4.1 Stealth
 + Level 4.2 Shields
 + Level 4.0 Invocations


You had 10 spell levels left.
You didn't know any spells.

Dungeon Overview and Level Annotations

Branches:
Dungeon (10/15)            Temple (0/1) D:5            Lair (0/6) D:9
    Orc: D:9-12

Altars:
Dithmenos
Qazlal
Trog

Shops:
D:4 [*:   D:6 :   D:8 %

Annotations:
D:7 ThePrince's ghost, novice GrBe
D:8 ThePrince's ghost, novice GrBe


Innate Abilities, Weirdness & Mutations

You cannot be hasted, slowed, berserked, paralysed or teleported.
You can dig through walls and to a lower floor.
Your four strong arms can wield two-handed weapons with a shield.
You have a pair of large antennae on your head. (SInv)


Message History

You puncture the death yak!
The death yak looks as sick as possible!
The death yak is severely wounded.
The death yak gores you!!
You barely miss the death yak.
The death yak is severely wounded.
You block the death yak's attack.
You hit the death yak.
The death yak looks as sick as possible!
The death yak is severely wounded.
You hit the death yak.
The death yak looks as sick as possible!
The death yak is almost dead.
The death yak gores you!
* * * LOW HITPOINT WARNING * * *
You hit the death yak but do no damage.
The death yak looks as sick as possible!
The death yak is almost dead.
The death yak gores you!!
You die...

.....................##.#.......#
.................................
....................Y............
#########...########...##########
#...# #...# #...# #...#
#########...########.{.##########
...................Y.............
.................................
...............#Y######..........
...............#@# #..........
...............########..........
.......>.....................)...
#######..................########
#######..................########
.................................
.................................
.................................
######.###########...############
######.###########...############
.................................


You could see a death yak.

Vanquished Creatures
  A hippogriff (D:8)
  Eustachio (D:5)
  Menkaure (D:7)
  2 hungry ghosts
  Duvessa (D:4)
  A water moccasin (D:5)
  4 porcupines (D:9)
  3 orc warriors
  An ice beast (D:8)
  4 ogres (D:8)
  5 centaurs
  An elf zombie (Ossuary)
  3 big kobolds
  4 bullfrogs
  2 gnoll sergeants (D:9)
  Dowan (D:4)
  A wyvern skeleton (D:7)
  A howler monkey (D:6)
  13 wights
  4 crimson imps
  A quasit (D:9)
  A bullfrog zombie (D:8)
  8 orc wizards
  5 human zombies
  5 hounds
  3 bullfrog skeletons
  2 jellies
  3 orc priests (D:8)
  2 centaur skeletons (D:5)
  Ijyb (D:3)
  A hell rat (D:9)
  An iguana (D:7)
  7 worker ants
  A big kobold zombie (Ossuary)
  A hound skeleton (D:6)
  2 mummies (Ossuary)
  2 howler monkey zombies
  A worker ant zombie (D:6)
  11 gnolls
  A river rat (D:9)
  8 adders
  An ooze (D:1)
  2 worms (D:3)
  5 leopard geckos
  17 orcs
  9 bats
  11 giant cockroaches
  16 goblins
  5 hobgoblins
  29 kobolds
  8 quokkas
  A ball python (D:4)
  4 frilled lizards
  A goblin zombie (Ossuary)
  14 hobgoblin zombies (Ossuary)
  2 jackal zombies (Ossuary)
  6 kobold zombies
  2 leopard gecko skeletons
  9 orc zombies (Ossuary)
  2 quokka skeletons (D:4)
  A quokka zombie (D:5)
  5 rats
271 creatures vanquished.

Notes
Turn   | Place    | Note
-------+----------+-------------------------------------------
     0 | Abyss:1  | bli the Formicid Abyssal Knight began the quest for the Orb.
     0 | Abyss:1  | Reached XP level 1. HP: 18/18 MP: 2/2
   139 | Abyss:3  | Noticed a small abomination
   140 | Abyss:3  | Noticed a large abomination
   143 | D:1      | Escaped the Abyss
   231 | D:1      | Reached skill level 1 in Dodging
   231 | D:1      | Reached skill level 1 in Stealth
   231 | D:1      | Reached XP level 2. HP: 19/24 MP: 3/3
   399 | D:1      | Reached XP level 3. HP: 27/30 MP: 4/4
   418 | D:1      | Reached * piety under Lugonu
  1406 | D:2      | Reached XP level 4. HP: 37/37 MP: 5/5
  1489 | D:2      | You fall through a shaft!
  1493 | D:3      | Found a shadowy altar of Dithmenos.
  1571 | D:3      | Noticed Ijyb
  1610 | D:3      | Killed Ijyb
  1844 | D:2      | Reached ** piety under Lugonu
  1943 | D:3      | Reached XP level 5. HP: 42/42 MP: 6/6
  2079 | D:3      | Reached skill level 3 in Polearms
  2463 | D:4      | Found Fuerin's Book Shoppe.
  2480 | D:4      | Noticed Dowan
  2482 | D:4      | Noticed Duvessa
  2517 | D:4      | Killed Duvessa
  2517 | D:4      | Reached skill level 4 in Polearms
  2517 | D:4      | Reached XP level 6. HP: 9/49 MP: 7/7
  2530 | D:4      | Killed Dowan
  2583 | D:4      | Found Fageyx's General Store.
  2673 | D:4      | HP: 2/49 [worker ant (3)]
  2821 | D:4      | Reached XP level 7. HP: 14/55 MP: 8/8
  2967 | D:4      | Found Gugemnic's Armour Emporium.
  3004 | D:4      | Bought a +1 pair of gloves of dexterity for 165 gold pieces
  3033 | D:4      | Found a sand-covered staircase.
  3064 | D:4      | Reached skill level 5 in Polearms
  3074 | Ossuary  | Entered an ossuary
  3090 | Ossuary  | Reached *** piety under Lugonu
  3611 | Ossuary  | Reached skill level 5 in Armour
  3705 | Ossuary  | Reached skill level 5 in Fighting
  3732 | Ossuary  | Reached XP level 8. HP: 27/62 MP: 9/9
  3802 | Ossuary  | Identified Spellcraft in Simple Steps
  3919 | D:4      | Reached **** piety under Lugonu
  3987 | D:4      | Reached skill level 6 in Polearms
  4161 | D:5      | Entered Level 5 of the Dungeon
  4373 | D:5      | Noticed Eustachio
  4413 | D:5      | Killed Eustachio
  4975 | D:5      | Reached XP level 9. HP: 70/71 MP: 11/11
  5044 | D:5      | Found a staircase to the Ecumenical Temple.
  5798 | D:6      | Reached skill level 7 in Polearms
  6142 | D:6      | Found a stormy altar of Qazlal.
  6457 | D:6      | Found Lyror's Book Emporium.
  6783 | D:7      | Noticed Menkaure
  7151 | D:7      | Noticed ThePrince's ghost (novice GrBe)
  7546 | D:7      | Reached ***** piety under Lugonu
  7764 | D:7      | Killed Menkaure
  8173 | D:7      | Found a bloodstained altar of Trog.
  8919 | D:8      | Noticed ThePrince's ghost (novice GrBe)
  8939 | D:8      | Reached skill level 8 in Polearms
  9217 | D:8      | Noticed a cyan ugly thing
  9235 | D:7      | You fall through a shaft!
  9475 | D:8      | Got a pitted buckler
  9481 | D:8      | Identified the +0 buckler of Philately {rF+} (You found it on level 8 of the Dungeon)
  9531 | D:8      | Reached XP level 10. HP: 79/79 MP: 13/13
  9553 | D:8      | Reached skill level 1 in Shields
 10175 | D:8      | Got a smoking robe
 10198 | D:8      | Identified the +1 robe of the Jabberwock {rC- rN+ Int+4} (You took it off a kobold on level 8 of the Dungeon)
 10234 | D:8      | Found Leheneest's Food Shoppe.
 11575 | D:9      | Noticed a death yak
 12016 | D:8      | Reached skill level 9 in Polearms
 12883 | D:9      | Reached skill level 5 in Dodging
 12991 | D:9      | Noticed a death yak
 12991 | D:9      | Noticed a death yak
 13625 | D:9      | Found a staircase to the Lair.
 13792 | D:10     | Entered Level 10 of the Dungeon
 14198 | D:9      | Reached XP level 11. HP: 66/87 MP: 14/14
 14277 | D:9      | Slain by a death yak

Skill      XL: |  1  2  3  4  5  6  7  8  9 10 |
---------------+-------------------------------+-----
Dodging        | 1 2 3 5 |  5.1
Stealth        | 1 3 4 |  4.1
Fighting       | 4 5 6 7 8 |  8.8
Armour         | 3 4 5 6 |  6.8
Polearms       | 4 5 6 8 9 |  9.5
Invocations    | 4 |  4.0
Shields        | 4 |  4.2

Action                   |  1- 3 |  4- 6 |  7- 9 | 10-12 || total
-------------------------+-------+-------+-------+-------++-------
Melee: Spear             |   108 |   235 |  1038 |   372 ||  1753
       Trident           |       |       |       |   134 ||   134
       Glaive            |       |       |       |    41 ||    41
Invok: Depart the Abyss  |     1 |       |       |       ||     1
       Bend Space        |       |       |     1 |     2 ||     3
 Abil: Dig               |     1 |     1 |     2 |     2 ||     6
       Shaft Self        |       |       |     1 |       ||     1
Evoke: Phial of floods   |       |       |       |     1 ||     1
  Use: Potion            |       |     4 |     1 |       ||     5
 Stab: Sleeping          |     1 |       |     1 |     2 ||     4
       Distracted        |       |       |     2 |     4 ||     6
  Eat: Chunk             |     2 |     4 |    10 |    18 ||    34
       Meat ration       |       |       |     2 |       ||     2
       Bread ration      |       |       |     1 |       ||     1
       Fruit             |       |       |       |     2 ||     2
Armor: Leather armour    |     4 |       |       |       ||     4
       Ring mail         |    30 |    63 |   345 |    23 ||   461
       Robe              |       |       |       |    75 ||    75
Dodge: Dodged            |    50 |    99 |   421 |   220 ||   790
Block: Buckler           |       |       |     2 |    88 ||    90
